 Dungeon Crawl Stone Soup version 0.24-a0-416-g56ce5178b7 (webtiles) character file.

Game seed: 8929336936539009462

1772632 vurker the Conqueror (level 27, 247/273 HPs)
             Began as a Minotaur Berserker on June 7, 2019.
             Was an Elder of Trog.
             Escaped with the Orb
             ... and 3 runes on June 8, 2019!
             The game lasted 03:11:18 (64289 turns).

vurker the Conqueror (Minotaur Berserker)          Turns: 64289, Time: 03:11:18

Health: 247/273    AC: 41    Str: 24    XL:     27
Magic:  7/7        EV: 24    Int:  8    God:    Trog [****..]
Gold:   2392       SH: 33    Dex: 26    Spells: 26/26 levels left

rFire    + + .     SeeInvis .   b - +9 broad axe (antimagic)
rCold    + + .     Gourm    .   H - +4 large shield of Ashrisug {*Slow rC+ Regen+ rCorr}
rNeg     + . .     Faith    .   o - +2 gold dragon scales
rPois    +         Spirit   .   B - +1 hat
rElec    .         Reflect  +   X - +2 cloak {rPois}
rCorr    +         Harm     .   R - +1 pair of gloves {Dex+3}
MR       +++..                  O - +2 pair of boots {run}
Stlth    ..........             U - +2 amulet of reflection
HPRegen  0.00/turn              f - ring "Usatuhoo" {+Blink MR+ rCorr}
MPRegen  0.10/turn              L - ring "Lioqiaso" {rF+ rN+ Int+4 Dex+2}

@: quick
A: retaliatory headbutt, horns 2, blurry vision 2, deterioration 1, inhibited
regeneration
0: Orb of Zot
}: 3/15 runes: barnacled, silver, gossamer
a: Berserk, Trog's Hand, Brothers in Arms, Renounce Religion, Evoke Blink


You escaped.
You worshipped Trog.
Trog was greatly pleased with you.
You were very full.

You visited 9 branches of the dungeon, and saw 49 of its levels.
You visited the Abyss 1 time.
You visited 1 bazaar.
You also visited: Sewer and Volcano.

You collected 7229 gold pieces.
You spent 4837 gold pieces at shops.

Inventory:

Hand Weapons
 b - a +9 antimagic broad axe (weapon)
   (Trog gifted it to you on level 4 of the Lair of Beasts)
Missiles
 w - 14 throwing nets (quivered) {!f}
Armour
 o - +2 gold dragon scales (worn)
   (You found it on level 5 of the Depths)
 B - a +1 hat (worn)
   (You found it on level 5 of the Dungeon)
 H - the +4 large shield of Ashrisug (worn) {*Slow rC+ Regen+ rCorr}
   (You found it on level 5 of the Vaults)

   It protects you from cold.
   It increases your rate of regeneration.
   It provides partial protection from all sources of acid and corrosion.
   It may slow you when you take damage.
 O - a +2 pair of boots of running (worn)
   (You found it on level 3 of the Lair of Beasts)
 R - a +1 pair of gloves of dexterity (worn)
   (You bought it in a shop on level 2 of the Orcish Mines)
 X - a +2 cloak of poison resistance (worn)
   (You found it on level 3 of the Elven Halls)
 Z - a +7 crystal plate armour
   (You found it on level 3 of the Elven Halls)
Jewellery
 f - the ring "Usatuhoo" (left hand) {+Blink MR+ rCorr}
   (You bought it in a shop in a bazaar)

   [ring of resist corrosion]

   It affects your resistance to hostile enchantments.
   It lets you blink.
   It provides partial protection from all sources of acid and corrosion.
 y - the ring "Edemut" {rElec rN+ Str+2}
   (You bought it in a shop in a bazaar)

   [ring of positive energy]

   It affects your strength (+2).
   It insulates you from electricity.
   It protects you from negative energy.
 z - an uncursed ring of see invisible
   (You took it off a deep elf mage on level 3 of the Elven Halls)
 L - the ring "Lioqiaso" (right hand) {rF+ rN+ Int+4 Dex+2}
   (You found it on level 6 of the Lair of Beasts)

   [ring of positive energy]

   It affects your intelligence (+4).
   It affects your dexterity (+2).
   It protects you from fire.
   It protects you from negative energy.
 U - a +2 amulet of reflection (around neck)
   (You found it on level 4 of the Spider Nest)
Wands
 c - a wand of disintegration (65)
   (You found it on level 3 of the Dungeon)
 d - a wand of iceblast (34)
   (You found it on level 12 of the Dungeon)
 t - a wand of flame (77)
   (You found it on level 6 of the Dungeon)
 u - a wand of paralysis (42)
   (You took it off Harold on level 10 of the Dungeon)
 v - a wand of digging (18)
   (You found it on level 14 of the Dungeon)
 x - a wand of acid (32)
   (You found it on level 3 of the Dungeon)
 I - a wand of scattershot (9)
   (You found it on level 14 of the Dungeon)
 W - a wand of polymorph (88)
   (You found it on level 12 of the Dungeon)
Scrolls
 g - 17 scrolls of teleportation {@r4}
 i - 14 scrolls of fog
 j - 4 scrolls of blinking
 n - a scroll of vulnerability {!r}
 p - a scroll of enchant weapon
 q - 21 scrolls of remove curse {@r2}
 r - 9 scrolls of fear
 C - a scroll of brand weapon
 F - a scroll of magic mapping
 G - 12 scrolls of immolation {!r}
 P - 14 scrolls of identify {@r1}
 Q - 5 scrolls of holy word
Potions
 h - 15 potions of mutation {!q}
 k - 6 potions of ambrosia
 l - 4 potions of invisibility
 m - 6 potions of resistance
 s - 20 potions of curing {@q1}
 A - 18 potions of lignification {!q}
 D - 7 potions of flight
 E - 4 potions of agility
 J - a potion of heal wounds {@q2}
 M - 9 potions of might
 T - 7 potions of cancellation
Comestibles
 e - 75 rations {!d}


   Skills:
 O Level 27 Fighting
 - Level 18.0 Axes
 O Level 27 Armour
 + Level 24.4 Dodging
 - Level 25.0 Shields


You had 26 spell levels left.
You didn't know any spells.
Your spell library was empty.

Dungeon Overview and Level Annotations

Branches:
Dungeon (15/15)            Temple (0/1) D:6            Lair (6/6) D:8
 Shoals (4/4) Lair:2       Spider (4/4) Lair:3        Slime (0/5) Lair:6
    Orc (2/2) D:9             Elf (3/3) Orc:2        Vaults (5/5) D:13
  Crypt (0/3) Vaults:3     Depths (5/5) D:15            Zot (5/5) Depths:5

Altars:
Cheibriados
Dithmenos
Gozag
Hepliaklqana
Kikubaaqudgha
Nemelex Xobeh
Sif Muna
Trog
Uskayaw
Vehumet
Xom
Yredelemnul
Zin
Jiyva

Shops:
D:5 (   D:8 *   D:10 *   D:15 !   Orc:2 [?[*   Elf:1 (   Elf:2 =   Vaults:1 !
Vaults:2 [   Depths:1 %

Portals:
Hell: Depths:1 Depths:2 Depths:3 Depths:4 Depths:5
Abyss: Depths:2 Depths:3 Depths:4
Pandemonium: Depths:2 Depths:3
Ziggurat: Depths:2
Trove: D:13 (give +7 demon blade)

Annotations:
D:7 2 transporters, MisterFreud's ghost, novice OpFE
D:10 2 transporters, Scuka's ghost, journeyman DrFE
Lair:1 exclusion: orange crystal statue
Shoals:3 exclusion: ice statue
Depths:1 6 runed translucent doors
Depths:4 exclusion: obsidian statue


Innate Abilities, Weirdness & Mutations

You reflexively headbutt those who attack you in melee.
You have a pair of horns on your head.
Scrolls take you longer to read.
Your body sometimes deteriorates upon taking damage.
You do not regenerate when monsters are visible.


Message History

A Brimstone Fiend comes into view.
You feel yourself speed up.
You fail to use your ability.
The Brimstone Fiend gestures at you.
The sphere of damnation explodes!
The damnation engulfs you!!
A green death comes into view.
You slice the green death!!
The green death's magic leaks into the air.
Your headbutt misses the green death. You slice the green death!!
The green death's magic leaks into the air.
You headbutt the green death. You slice the green death!!
You kill the green death!
Trog accepts your kill.
There is a stone staircase leading up here.
You climb upwards.
There is a stone staircase leading down here.
(D) Dungeon (T) Temple (L) Lair (A) Shoals (N) Spider Nest (M) Slime Pits (O) Orcish Mines (E) Elven Halls (V) Vaults (C) Crypt (U) Depths (H) Hell (Z) Zot
Where to? (Enter - D:1 @ (x,y), ? - help)
There is an open door here.
A hell beast comes into view.
Your extra speed is starting to run out.
There is a stone staircase leading up here.
You block the hell beast's attack. The hell beast misses you.
You climb upwards.
There is a stone staircase leading down here.
You closely miss the hell beast. You block the hell beast's attack. x2
You hit the hell beast. You headbutt the hell beast. You slice the hell beast!!
You block the hell beast's attack. x2
You closely miss the hell beast. You headbutt the hell beast.
You block the hell beast's attack. x2
You barely miss the hell beast. You barely miss the hell beast.
Your headbutt misses the hell beast. You block the hell beast's attack. x2
You slash the hell beast!
You feel yourself slow down. You block the hell beast's attack. x2
A torturous demonspawn comes into view. It is wielding a +0 morningstar.
You block the hell beast's attack.
The hell beast tramples you but does no damage.
There is a staircase leading out of the dungeon here.
You block the hell beast's attack. x2
You block the torturous demonspawn's attack.
You block the hell beast's attack.
The hell beast tramples you but does no damage.
You have escaped!

#.........#...÷....÷..#.#..#.##.#
..........#...........#......##.#
#.#######.#.8..8.8..8.#.#....##.#
...# #.#...........#.#.#..##.#
#..# #.#...........#..........
#..# #.#...........#.#.#...#.#
...# #.#...........#.#.#...#.#
...# #.#...........#.....>....
...######.......@2......#.##..#.#
..........#......6....###.##.....
..........#...........# #.##..#.#
.#........#...........# #.....#.#
.##)#####.#...........#####......
........#.#...........#..........
........#.#.8..8.8..8.#.###..##.#
....^...#.#...........#.# #..##..
........#.#.......÷...#.# #..##.#


You could see a hell beast and a torturous demonspawn.

Vanquished Creatures
  4 ancient liches
  2 orbs of fire (Zot:5)
  Mennas (Depths:4)
  A juggernaut (Zot:5)
  4 Killer Klowns
  Margery (Vaults:2)
  3 caustic shrikes
  A curse toe (Zot:5)
  9 golden dragons
  Arachne (Spider:4)
  2 bone dragons (Depths:3)
  4 electric golems
  14 tentacled monstrosities
  3 deep elf blademasters
  5 titans
  2 liches
  24 Orb Guardians (Zot:5)
  A quicksilver dragon (shapeshifter) (Depths:4)
  4 quicksilver dragons
  3 death cobs
  A kraken (Shoals:4)
  2 sphinxes
  15 shadow dragons
  10 storm dragons
  6 tengu reavers
  Kirke (Spider:1)
  5 draconian monks
  A revenant (Vaults:3)
  An azure jelly (shapeshifter) (Depths:4)
  8 frost giants
  9 fire giants
  A warmonger (D:15)
  4 draconian knights
  9 vault wardens
  4 draconian scorchers
  8 ghost moths
  An iron dragon (Vaults:5)
  7 deep elf elementalists
  4 draconian shifters
  2 orc warlords
  4 deep elf sorcerers
  A black sun (D:15)
  An angel (Abyss:3)
  Aizul (Depths:2)
  4 draconian annihilators
  2 spriggan defenders (Depths:5)
  2 draconian stormcallers
  4 emperor scorpions
  A balrug (D:8)
  16 very ugly things
  A cacodemon (D:15)
  5 entropy weavers
  4 war gargoyles (Depths:4)
  15 ironheart preservers
  15 stone giants
  2 vampire knights
  12 deep elf annihilators
  10 black draconians
  8 deep elf demonologists
  9 green draconians
  5 white draconians
  12 red draconians
  5 spark wasps
  10 purple draconians
  A dire elephant (Lair:6)
  9 yellow draconians
  12 ettins
  6 merfolk javelineers
  9 merfolk impalers
  2 green deaths
  6 deep elf death magi
  8 crystal guardians (Depths:4)
  5 deep elf high priests
  9 great orbs of eyes
  7 fire dragons
  12 yaktaur captains
  2 rakshasas
  37 vault guards
  7 hydras
  A spriggan air mage (Depths:4)
  A hell beast (Depths:2)
  A juggernaut simulacrum (Depths:3)
  10 ice dragons
  Harold (D:10)
  An alligator snapping turtle (Shoals:4)
  A monstrous demonspawn (D:15)
  5 merfolk avatars
  7 merfolk aquamancers
  9 centaur warriors
  3 death knights
  An anaconda (Lair:6)
  55 two-headed ogres
  A satyr (shapeshifter) (Vaults:5)
  9 death yaks
  9 deep troll earth magi
  14 ogre magi
  7 spriggan berserkers
  47 dancing weapons
  2 shock serpents (Depths:4)
  16 deep troll shamans
  2 hell hogs (Depths:1)
  2 orc high priests (Elf:1)
  10 tengu warriors
  A sun demon (D:8)
  23 deep elf knights
  A thrashing horror (Abyss:3)
  A soul eater (Depths:2)
  17 hell knights
  A shadow wraith (Vaults:2)
  9 skeletal warriors
  A spark wasp zombie (Depths:3)
  3 sixfirhies
  13 sea snakes
  7 wizards
  3 iron trolls (Depths:3)
  4 flayed ghosts
  3 unseen horrors
  6 glowing orange brains
  A torturous demonspawn (Depths:2)
  2 deep trolls (shapeshifter)
  32 deep trolls
  A gelid demonspawn (D:15)
  An orange crystal statue (Depths:3)
  21 deep elf archers
  13 necromancers
  A lindwurm (shapeshifter) (Depths:4)
  2 obsidian statues (Depths:4)
  A lindwurm (Lair:6)
  18 orc knights
  A tengu zombie (Vaults:5)
  13 ironbrand convokers
  An iron dragon zombie (Depths:3)
  3 sphinx zombies
  2 wolf spiders (shapeshifter) (Depths:4)
  A wolf spider zombie (D:15)
  5 phantasmal warriors
  30 harpies
  2 orc sorcerers
  15 orb spiders
  Pikel (D:8)
  8 cyclopes
  36 wolf spiders
  A stone giant zombie (Vaults:5)
  44 ugly things
  76 deep elf magi
  2 salamanders (Volcano)
  6 large abominations
  11 manticores
  20 moths of wrath
  13 elephants
  4 fauns
  4 black mambas
  12 vault sentinels
  A rust devil (Depths:2)
  Maurice (D:8)
  7 merfolk sirens
  3 water nymphs
  A titan simulacrum (Vaults:5)
  Psyche (D:8)
  4 molten gargoyles (Depths:4)
  4 gargoyles
  A spiny frog (shapeshifter) (Vaults:4)
  2 torpor snails
  2 spriggan zombies (Depths:2)
  2 spiny frogs
  2 rime drakes (Lair:6)
  A kobold demonologist (D:15)
  7 demonic crawlers
  An efreet (D:13)
  A komodo dragon (shapeshifter) (Vaults:4)
  A yaktaur (shapeshifter) (Vaults:5)
  An ice devil (Zot:5)
  3 komodo dragons
  43 yaktaurs
  3 freezing wraiths
  A human skeleton (Vaults:2)
  A wind drake (shapeshifter) (Vaults:1)
  A meliai (shapeshifter) (Vaults:3)
  38 merfolk
  A red devil (Depths:2)
  6 wind drakes
  24 jumping spiders
  Prince Ribbit (D:8)
  8 trolls
  4 tengu conjurers
  A polar bear (Lair:4)
  2 tengu simulacra
  16 hornets
  2 blink frogs (shapeshifter)
  9 hippogriffs
  27 slime creatures
  17 dream sheep
  A stone giant simulacrum (Vaults:2)
  3 blink frogs (Lair:6)
  8 snapping turtles
  Sigmund (D:5)
  58 redbacks
  An ettin skeleton (Vaults:5)
  5 spriggans
  38 tarantellas
  13 air elementals
  A spriggan (shapeshifter) (Depths:4)
  21 water elementals
  3 shadows
  11 hogs
  2 vampires
  4 wraiths
  17 wyverns
  14 fire elementals
  39 yaks
  A fire bat (Volcano)
  A ynoxinul (Abyss:3)
  2 hogs (shapeshifter)
  8 humans
  2 basilisks (shapeshifter)
  2 steam dragons
  4 hungry ghosts
  7 small abominations (Elf:1)
  An elf skeleton (Depths:3)
  An insubstantial wisp (Depths:4)
  A soldier ant (D:13)
  An acid dragon (Vaults:1)
  9 wargs
  12 water moccasins
  21 porcupines
  An ice beast (shapeshifter) (Vaults:5)
  47 orc warriors
  4 hell hounds (Depths:1)
  A slave (D:8)
  6 ice beasts
  2 phantoms (D:9)
  3 sky beasts
  3 black bears
  An eye of draining (shapeshifter) (Depths:2)
  3 necrophages
  17 wolves
  38 ogres
  4 boggarts (Depths:3)
  17 crocodiles
  16 centaurs
  A crocodile (shapeshifter) (Depths:4)
  5 big kobolds
  A human zombie (Vaults:2)
  25 bullfrogs
  7 earth elementals
  5 killer bees
  A wyvern skeleton (D:12)
  4 scorpions
  14 wights
  An electric eel (Spider:4)
  4 howler monkeys
  2 centaur zombies
  14 crimson imps
  2 bullfrog zombies
  19 orc priests
  6 jellies
  A quasit (D:11)
  5 bullfrog skeletons
  A gnoll shaman (D:9)
  5 hounds
  An iron imp (Depths:3)
  32 orc wizards
  5 centaur skeletons
  A worker ant (shapeshifter) (Depths:4)
  7 iguanas
  8 worker ants
  A hound zombie (D:9)
  3 worker ant zombies
  9 gnolls
  2 river rats (D:3)
  16 adders
  4 shadow imps
  An adder skeleton (D:9)
  3 worms (D:2)
  A worm (shapeshifter) (Vaults:5)
  A dart slug (D:1)
  9 leopard geckos
  93 orcs
  7 bats
  8 giant cockroaches
  12 goblins
  6 hobgoblins
  12 jackals
  7 quokkas
  A ball python (Sewer)
  7 frilled lizards
  A giant cockroach zombie (D:6)
  28 kobolds
  A leopard gecko skeleton (D:6)
  A quokka zombie (D:9)
  9 rats
  A crawling corpse (Elf:3)
  12 fungi
  18 plants
  2 tentacles (Shoals:4)
2361 creatures vanquished.

Vanquished Creatures (collateral kills)
  An orb of fire (Zot:5)
  The ghost of Vimihy the Halfling Catapult, a legendary HaHu of Okawaru (Zot:4)
  A Killer Klown (Zot:5)
  2 golden dragons
  An Orb Guardian (Zot:5)
  Rupert (Orc:2)
  Ilsuiw (Shoals:2)
  A ghost moth (Spider:4)
  An emperor scorpion (Spider:4)
  3 deep elf elementalists (Elf:3)
  2 dire elephants (Lair:6)
  A deep elf demonologist (Elf:3)
  3 merfolk javelineers
  A crystal guardian (Depths:4)
  A merfolk impaler (Shoals:4)
  2 fire dragons
  2 hydras
  A merfolk aquamancer (Shoals:4)
  2 ogre magi (Orc:2)
  11 two-headed ogres
  2 death yaks (Lair:6)
  A thrashing horror (Abyss:3)
  A deep elf archer (Elf:3)
  A kraken simulacrum (Shoals:4)
  An orb spider (Spider:4)
  An ugly thing (Vaults:1)
  2 wolf spiders (Spider:4)
  A salamander (Volcano)
  3 deep elf magi (Elf:3)
  A water nymph (Shoals:2)
  A vault sentinel (Vaults:4)
  2 demonic crawlers (Spider:4)
  3 jumping spiders (Spider:4)
  A polar bear (Lair:5)
  3 merfolk
  3 hornets (Spider:4)
  A wind drake (Shoals:2)
  A blink frog (Lair:6)
  3 tarantellas (Spider:4)
  11 redbacks (Spider:4)
  A wyvern (Volcano)
  A fire bat (Volcano)
  A basilisk (Lair:4)
  A water moccasin (Lair:4)
  5 orc warriors
  A small abomination (Abyss:3)
  13 ogres
  A crocodile (Volcano)
  5 orc priests (Orc:1)
  6 orcs
  A tentacle (Shoals:4)
118 creatures vanquished.

Vanquished Creatures (others)
  2 deep elf master archers (Elf:3)
  A draconian stormcaller (Zot:2)
  A vampire knight (Depths:1)
  A yaktaur captain (Vaults:5)
  A centaur warrior (Vaults:3)
  An ogre mage (Vaults:2)
  A two-headed ogre (Vaults:5)
  4 deep elf knights
  An orc knight (Vaults:5)
  2 deep elf magi (Elf:3)
  A cyclops (Shoals:3)
  An ugly thing (Depths:4)
  A moth of wrath (Zot:5)
  4 yaktaurs
  A human (D:13)
  A water elemental (Shoals:4)
  A fire elemental (Depths:4)
  2 insubstantial wisps (Depths:4)
  A crocodile (Volcano)
  A centaur (Shoals:2)
  A quasit (D:13)
  An orc wizard (D:4)
  11 ball lightnings (Depths:4)
  A crawling corpse (Elf:3)
  18 fungi
  37 plants
  6 tentacles (Shoals:4)
104 creatures vanquished.

Grand Total: 2583 creatures vanquished

Notes
Turn   | Place    | Note
-------+----------+-------------------------------------------
     0 | D:1      | vurker the Minotaur Berserker began the quest for the Orb.
     0 | D:1      | Reached XP level 1. HP: 19/19 MP: 0/0
   112 | D:1      | Reached XP level 2. HP: 27/27 MP: 1/1
   508 | D:1      | Reached XP level 3. HP: 25/33 MP: 2/2
   512 | D:1      | Reached ** piety under Trog
  1286 | D:2      | Reached XP level 4. HP: 28/40 MP: 3/3
  1869 | D:2      | Found a deep blue altar of Sif Muna.
  2291 | D:3      | Reached skill level 5 in Axes
  2306 | D:3      | Found a glowing drain.
  2318 | Sewer    | Entered a sewer
  2468 | Sewer    | Reached XP level 5. HP: 35/47 MP: 4/4
  2630 | Sewer    | Reached *** piety under Trog
  3604 | D:4      | Found an opulent altar of Gozag.
  3699 | D:4      | Reached XP level 6. HP: 45/55 MP: 5/5
  3781 | D:4      | Reached skill level 5 in Fighting
  3985 | D:4      | You fall into a shaft and drop 1 floor!
  3985 | D:5      | Entered Level 5 of the Dungeon
  4233 | D:4      | Found a shadowy altar of Dithmenos.
  4415 | D:5      | Found Girieseo's Weapon Shoppe.
  4902 | D:5      | Reached XP level 7. HP: 61/61 MP: 6/6
  4904 | D:5      | Found a shimmering altar of Xom.
  5074 | D:5      | Noticed Sigmund
  5086 | D:5      | Killed Sigmund
  5086 | D:5      | Reached skill level 1 in Shields
  5170 | D:6      | Reached skill level 5 in Armour
  5193 | D:6      | Found a staircase to the Ecumenical Temple.
  5216 | D:6      | Found an ancient bone altar of Kikubaaqudgha.
  5384 | D:6      | Reached XP level 8. HP: 59/70 MP: 7/7
  5568 | D:6      | Reached **** piety under Trog
  5965 | D:6      | Received a gift from Trog
  6043 | D:7      | Found a transporter.
  6044 | D:7      | Found a transporter.
  6222 | D:7      | Reached skill level 5 in Dodging
  6407 | D:7      | Found a bloodstained altar of Trog.
  6407 | D:7      | Noticed MisterFreud's ghost (novice OpFE)
  6421 | D:7      | Identified the +4 war axe of Jafa {distort, rElec rPois
                  | Str-2 Stlth+}
  6421 | D:7      | Noticed a tengu warrior
  6551 | D:7      | Reached XP level 9. HP: 70/79 MP: 6/8
  6905 | D:7      | Noticed a moth of wrath
  7026 | D:8      | Found a staircase to the Lair.
  7032 | D:8      | Reached skill level 5 in Shields
  7034 | D:8      | Reached skill level 10 in Axes
  7095 | D:8      | Noticed Maurice
  7119 | D:8      | Killed Maurice
  7119 | D:8      | Reached XP level 10. HP: 64/90 MP: 2/9
  7365 | D:8      | Found a snail-covered altar of Cheibriados.
  7400 | D:8      | Noticed Prince Ribbit
  7404 | D:8      | Noticed Psyche
  7408 | D:8      | Killed Prince Ribbit
  7414 | D:8      | Killed Psyche
  7498 | D:8      | Found a radiant altar of Vehumet.
  7499 | D:8      | Found a basalt altar of Yredelemnul.
  7504 | D:8      | Found a hazy altar of Hepliaklqana.
  7505 | D:8      | Found a bloodstained altar of Trog.
  7516 | D:8      | Noticed a two-headed ogre
  7526 | D:8      | Killed a two-headed ogre
  7552 | D:8      | Found Otauckon's Assorted Antiques.
  7560 | D:8      | Bought a glowing broad axe for 231 gold pieces
  7658 | D:8      | Reached ***** piety under Trog
  7668 | D:8      | Noticed Pikel
  7678 | D:8      | Killed Pikel
  7957 | D:9      | Found a staircase to the Orcish Mines.
  8327 | D:9      | Noticed a two-headed ogre
  8332 | D:9      | Killed a two-headed ogre
  8332 | D:9      | Reached XP level 11. HP: 99/99 MP: 10/10
  8473 | D:9      | Received a gift from Trog
  8579 | D:9      | Noticed a green ugly thing
  8592 | D:9      | Killed a green ugly thing
  8750 | D:9      | Found a sparkling altar of Nemelex Xobeh.
  8982 | D:10     | Entered Level 10 of the Dungeon
  9034 | D:10     | Killed an unseen horror
  9034 | D:10     | Reached skill level 10 in Fighting
  9098 | D:10     | Found a transporter.
  9098 | D:10     | Noticed Scuka's ghost (journeyman DrFE)
  9102 | D:10     | Noticed a stone giant
  9145 | D:10     | Found a transporter.
  9218 | D:10     | Noticed a two-headed ogre
  9230 | D:10     | Killed a two-headed ogre
  9365 | D:10     | Noticed a wizard
  9374 | D:10     | Killed a wizard
  9374 | D:10     | Reached skill level 10 in Armour
  9409 | D:10     | Noticed Harold
  9411 | D:10     | Paralysed by Harold for 6 turns
  9420 | D:10     | Killed Harold
  9568 | D:10     | Found Giceyw's Assorted Antiques.
  9857 | D:11     | Noticed an eight-headed hydra
  9865 | D:11     | Killed an 11-headed hydra
  9886 | D:11     | Noticed a brown ugly thing
  9895 | D:11     | Killed a brown ugly thing
 10065 | D:11     | Received a gift from Trog
 10104 | D:11     | Noticed a red ugly thing
 10113 | D:11     | Killed a red ugly thing
 10113 | D:11     | Reached XP level 12. HP: 110/110 MP: 11/11
 10608 | D:11     | Got a slimy hand axe
 10803 | D:8      | Identified the +8 hand axe of Tender Mercy {freeze, rC- MR+
                  | Int+2} (You found it on level 11 of the Dungeon)
 10831 | Lair:1   | Entered Level 1 of the Lair of Beasts
 11704 | Lair:2   | Reached skill level 10 in Shields
 11708 | Lair:2   | Got a crude leather armour
 11913 | Lair:2   | Found a staircase to the Shoals.
 11927 | Lair:2   | Reached skill level 15 in Axes
 12467 | Lair:3   | Found a hole to the Spider Nest.
 12800 | Lair:3   | Noticed a seven-headed hydra
 12808 | Lair:3   | Killed a nine-headed hydra
 13090 | Lair:4   | Noticed a five-headed hydra
 13103 | Lair:4   | Killed a five-headed hydra
 13103 | Lair:4   | Reached XP level 13. HP: 71/118 MP: 9/12
 13104 | Lair:4   | Received a gift from Trog
 13465 | Lair:4   | Identified a +0 pair of boots of running (You found it on
                  | level 3 of the Lair of Beasts)
 14112 | Lair:5   | Found a dark tunnel.
 14121 | Volcano  | Entered a volcano
 14400 | Volcano  | Noticed a fire dragon
 14409 | Volcano  | Killed a fire dragon
 15753 | Lair:6   | Entered Level 6 of the Lair of Beasts
 16216 | Lair:6   | Reached XP level 14. HP: 71/129 MP: 8/13
 16476 | Lair:6   | Found a viscous altar of Jiyva.
 16476 | Lair:6   | Found a staircase to the Slime Pits.
 17461 | Lair:6   | Got a coiled tin ring
 17463 | Lair:6   | Got a crystal flail
 17468 | Lair:6   | Identified the ring "Lioqiaso" {rF+ rN+ Int+4 Dex+2} (You
                  | found it on level 6 of the Lair of Beasts)
 18982 | D:13     | Found a portal to a secret trove of treasure.
 19069 | D:13     | You fall into a shaft and drop 2 floors!
 19069 | D:15     | Entered Level 15 of the Dungeon
 19131 | D:15     | Reached skill level 15 in Fighting
 19133 | D:15     | Received a gift from Trog
 19254 | D:15     | Reached XP level 15. HP: 127/141 MP: 12/14
 19607 | D:13     | Reached ****** piety under Trog
 19623 | D:13     | Found a gate to the Vaults.
 20869 | D:14     | Found a glowing silver altar of Zin.
 21102 | D:15     | Found Gaettyit's Distillery.
 21226 | D:15     | Reached skill level 15 in Shields
 21497 | D:15     | Found a staircase to the Depths.
 21909 | Orc:1    | Entered Level 1 of the Orcish Mines
 21949 | Orc:1    | Received a gift from Trog
 22097 | Orc:1    | Noticed an orc warlord
 22105 | Orc:1    | Killed an orc warlord
 22289 | Orc:2    | Entered Level 2 of the Orcish Mines
 22308 | Orc:2    | Found a bloodstained altar of Trog.
 22666 | Orc:2    | Found a staircase to the Elven Halls.
 22795 | Orc:2    | Reached skill level 15 in Armour
 22808 | Orc:2    | Received a gift from Trog
 22815 | Orc:2    | Noticed Rupert
 22822 | Orc:2    | Found Titufal's General Store.
 22822 | Orc:2    | Found Ohuuh's Magic Scroll Shoppe.
 22823 | Orc:2    | Found Yfary's Antique Armour Shoppe.
 22823 | Orc:2    | Found Ytuolasm's Antique Armour Shop.
 22837 | Orc:2    | Killed Rupert
 23129 | Orc:2    | Got a translucent quarterstaff {god gift}
 23594 | Orc:2    | Bought a brightly glowing chain mail for 180 gold pieces
 23594 | Orc:2    | Bought a pair of runed gloves for 142 gold pieces
 23597 | Orc:2    | Bought a runed plate armour for 806 gold pieces
 23612 | Orc:2    | Identified the cursed +1 chain mail of Xom's Pride {Str-2
                  | Dex+6 Stlth+} (You bought it in a shop on level 2 of the
                  | Orcish Mines)
 23737 | Spider:1 | Entered Level 1 of the Spider Nest
 23783 | Spider:1 | Reached XP level 16. HP: 154/154 MP: 5/15
 24032 | Spider:1 | Noticed Kirke
 24066 | Spider:1 | Killed Kirke
 24338 | Spider:2 | Received a gift from Trog
 26382 | Spider:4 | Entered Level 4 of the Spider Nest
 26415 | Spider:4 | Received a gift from Trog
 26893 | Spider:4 | Reached XP level 17. HP: 129/166 MP: 4/16
 27299 | Spider:4 | Received a gift from Trog
 27306 | Spider:4 | Noticed Arachne
 27320 | Spider:4 | Killed Arachne
 28290 | Spider:4 | Got a gossamer rune of Zot
 28507 | Shoals:1 | Entered Level 1 of the Shoals
 29232 | Shoals:1 | Got a fine scythe
 30313 | Shoals:2 | Noticed Ilsuiw
 30336 | Shoals:2 | Killed Ilsuiw
 30919 | Shoals:2 | Received a gift from Trog
 31190 | Shoals:3 | Found a frozen archway.
 31324 | Shoals:3 | Reached XP level 18. HP: 165/178 MP: 17/17
 31761 | Shoals:4 | Entered Level 4 of the Shoals
 32114 | Shoals:4 | Found a radiant altar of Vehumet.
 32234 | Shoals:4 | Got a barnacled rune of Zot
 33802 | Vaults:1 | Entered Level 1 of the Vaults
 33920 | Vaults:1 | Found Umaytzek's Distillery.
 33928 | Vaults:1 | Bought a potion of heal wounds for 95 gold pieces
 33928 | Vaults:1 | Bought a potion of heal wounds for 95 gold pieces
 33978 | Vaults:1 | Received a gift from Trog
 34161 | Vaults:1 | Received a gift from Trog
 34656 | Vaults:1 | Reached XP level 19. HP: 180/189 MP: 18/18
 35480 | Vaults:2 | Got a distressingly furry scale mail
 35482 | Vaults:2 | Identified the +0 scale mail "Gatuukom" {MR+} (You found it
                  | on level 2 of the Vaults)
 35485 | Vaults:2 | Found Qetusch's Antique Armour Shop.
 35499 | Vaults:2 | Bought a shiny plate armour for 1014 gold pieces
 35579 | Vaults:2 | Cast into level 3 of the Abyss (a lich)
 35698 | Abyss:3  | Gained mutation: Your body sometimes deteriorates upon
                  | taking damage. [a neqoxec]
 35699 | Abyss:3  | Gained mutation: Scrolls take you a little longer to read.
                  | [a neqoxec]
 35701 | Vaults:2 | Escaped the Abyss
 35725 | Vaults:2 | Reached skill level 10 in Dodging
 35728 | Vaults:2 | Noticed Margery
 36380 | Vaults:2 | Killed Margery
 36832 | Vaults:3 | Found a flickering gateway to a bazaar.
 36841 | Bazaar   | Entered a bazaar
 36841 | Bazaar   | Found Samapt's Book Shoppe.
 36841 | Bazaar   | Found Kabug's Book Shoppe.
 36842 | Bazaar   | Found Moemny's Jewellery Emporium.
 36842 | Bazaar   | Found Daqasineli's Food Emporium.
 36858 | Bazaar   | Bought the ring "Usatuhoo" {+Blink MR+ rCorr} for 475 gold
                  | pieces
 36858 | Bazaar   | Bought the ring "Edemut" {rElec rN+ Str+2} for 458 gold
                  | pieces
 37242 | Vaults:3 | Received a gift from Trog
 37314 | Vaults:3 | Found a staircase to the Crypt.
 37373 | Vaults:3 | You fall into a shaft and drop 1 floor!
 37541 | Vaults:4 | Reached XP level 20. HP: 179/202 MP: 19/19
 38296 | Vaults:4 | Received a gift from Trog
 39031 | Orc:2    | Upgraded the game from 0.24-a0-415-g6d73c25c48 to
                  | 0.24-a0-416-g56ce5178b7
 39032 | Elf:1    | Entered Level 1 of the Elven Halls
 39097 | Elf:1    | Found Epabyje's Weapon Boutique.
 39523 | Elf:1    | Got a bloodstained quarterstaff
 39558 | Elf:1    | Identified the Volume of Attacks
 39629 | Elf:1    | Received a gift from Trog
 39752 | Elf:1    | Found the +12 glaive of Prune {chop}
 40405 | Elf:2    | Received a gift from Trog
 40672 | Elf:2    | Found a huge runed translucent gate.
 40672 | Elf:2    | Found a huge runed translucent gate.
 40672 | Elf:2    | Found a huge runed translucent gate.
 40672 | Elf:2    | Found a huge runed translucent gate.
 40673 | Elf:2    | Found a huge runed translucent gate.
 40802 | Elf:2    | Found Ramiulum's Jewellery Boutique.
 41233 | Elf:2    | Reached XP level 21. HP: 212/212 MP: 6/20
 41526 | Elf:3    | Entered Level 3 of the Elven Halls
 41644 | Elf:3    | Received a gift from Trog
 42203 | Elf:3    | HP: 9/214 [???[a deep elf demonologist] (5)]
 42718 | Elf:3    | Identified the +4 trident of Kymuf {venom, rPois rN+ Dex-3}
 42731 | Elf:3    | Identified the cursed +0 quarterstaff of Terra Cotta
                  | {antimagic, rF+}
 42955 | Elf:3    | Received a gift from Trog
 42992 | Elf:3    | Identified the Reference Book on Clay
 43031 | Elf:3    | Identified a +2 pair of boots of running (You found it on
                  | level 3 of the Elven Halls)
 43682 | Depths:1 | Entered Level 1 of the Depths
 43970 | Depths:1 | Found Tycyp's Food Shop.
 43990 | Depths:1 | Received a gift from Trog
 44155 | Depths:1 | Reached XP level 22. HP: 169/224 MP: 21/21
 44658 | Depths:1 | Received a gift from Trog
 44669 | Depths:1 | Found a sparkling altar of Nemelex Xobeh.
 44674 | Depths:1 | Found a gateway to Hell.
 45074 | Depths:1 | Found a runed translucent gate.
 45074 | Depths:1 | Found a runed translucent gate.
 45074 | Depths:1 | Found a runed translucent gate.
 45075 | Depths:1 | Found the +2 Maxwell's thermic engine {flame, freeze}
 45075 | Depths:1 | Found a runed translucent gate.
 45075 | Depths:1 | Found a runed translucent gate.
 45075 | Depths:1 | Found a runed translucent gate.
 45262 | Depths:2 | Found a one-way gate to the infinite horrors of the Abyss.
 45379 | Depths:2 | Noticed Aizul
 45401 | Depths:2 | Killed Aizul
 45757 | Depths:2 | Received a gift from Trog
 45862 | Depths:2 | Found a gateway to a ziggurat.
 45914 | Depths:2 | Found a one-way gate leading to the halls of Pandemonium.
 46836 | Depths:3 | Received a gift from Trog
 47759 | Depths:3 | Reached XP level 23. HP: 236/236 MP: 22/22
 48568 | Depths:4 | Noticed Mennas
 48573 | Depths:4 | Received a gift from Trog
 48596 | Depths:4 | Killed Mennas
 48701 | Depths:3 | Found a hide-covered altar of Uskayaw.
 48701 | Depths:3 | Noticed a caustic shrike
 48701 | Depths:3 | Noticed a caustic shrike
 48712 | Depths:4 | Killed a caustic shrike
 48933 | Depths:3 | Killed a caustic shrike
 48941 | Depths:3 | Reached skill level 15 in Dodging
 49161 | Depths:3 | Noticed a caustic shrike
 49177 | Depths:3 | Killed a caustic shrike
 49409 | Depths:3 | Found the cursed necklace of Bloodlust {*Rage +Rage MR++
                  | Int-3 Slay+6 *Curse}
 49587 | Depths:4 | Received a gift from Trog
 50094 | Depths:4 | Identified the cursed +1 dagger of the Eternal Warrior
                  | {pierce, rF+ rC+}
 50432 | Depths:4 | Got a glittering pewter ring
 50439 | Depths:4 | Identified the ring of Dokh {*Drain rPois rF+ Str+4} (You
                  | found it on level 4 of the Depths)
 50857 | Depths:5 | Entered Level 5 of the Depths
 51227 | Depths:5 | Received a gift from Trog
 51297 | Depths:5 | Found a gate to the Realm of Zot.
 51307 | Depths:5 | Reached skill level 27 in Fighting
 51649 | D:10     | Bought a scroll of enchant armour for 285 gold pieces
 52374 | Depths:5 | Reached XP level 24. HP: 211/249 MP: 7/22
 52608 | Depths:5 | Got the executioner's axe "Beetle's Regret" {antimagic}
 54019 | Vaults:5 | Entered Level 5 of the Vaults
 54334 | Vaults:5 | Identified the ring "Pudutid" {rF++ AC+2 Slay+3}
 54712 | Vaults:5 | Identified the amulet of Mycy {Harm -Tele *Drain rPois rN+
                  | Dex+3}
 54918 | Vaults:5 | Received a gift from Trog
 54921 | Vaults:5 | Noticed an ancient lich
 54941 | Vaults:5 | Killed an ancient lich
 55051 | Vaults:5 | Identified a scroll of acquirement
 55221 | Vaults:5 | Reached XP level 25. HP: 257/257 MP: 7/22
 55316 | Vaults:5 | Identified the cursed +1 bardiche "Cifugar" {flame,
                  | *Corrode Str+3 Int+4 Dex+2}
 55531 | Vaults:5 | Got a crude halberd
 55533 | Vaults:5 | Got a distressingly furry large shield
 55536 | Vaults:5 | Identified the +4 large shield of Ashrisug {*Slow rC+
                  | Regen+ rCorr} (You found it on level 5 of the Vaults)
 55722 | Vaults:5 | Received a gift from Trog
 55815 | Vaults:5 | Got a silver rune of Zot
 55887 | Vaults:5 | Got a polished shortbow
 55932 | Vaults:5 | Got a pair of crude boots
 56037 | Vaults:5 | Identified the cursed -1 pair of boots of Vehumet's Hope
                  | {+Blink +Fly rPois} (You found it on level 5 of the Vaults)
 56466 | Orc:2    | Bought a scroll of enchant weapon for 90 gold pieces
 56466 | Orc:2    | Bought a scroll of acquirement for 624 gold pieces
 56466 | Orc:2    | Bought a scroll of enchant weapon for 90 gold pieces
 56466 | Orc:2    | Bought a scroll of enchant weapon for 90 gold pieces
 56466 | Orc:2    | Bought a scroll of teleportation for 36 gold pieces
 56466 | Orc:2    | Bought a scroll of blinking for 90 gold pieces
 56466 | Orc:2    | Bought a scroll of teleportation for 36 gold pieces
 57324 | Zot:1    | Entered Level 1 of the Realm of Zot
 57328 | Zot:1    | You fall into a shaft and drop 1 floor!
 59261 | Zot:3    | Received a gift from Trog
 59459 | Zot:2    | Reached XP level 26. HP: 215/265 MP: 7/22
 60483 | Zot:4    | Found a runed translucent door.
 60486 | Zot:4    | Noticed Vimihy's ghost (legendary HaHu)
 60597 | Zot:4    | Killed Vimihy's ghost
 60633 | Zot:5    | Entered Level 5 of the Realm of Zot
 60701 | Zot:5    | Received a gift from Trog
 61539 | Zot:5    | Noticed an ancient lich
 61553 | Zot:5    | Killed an ancient lich
 61580 | Zot:5    | Noticed an orb of fire
 61593 | Zot:5    | Gained mutation: You do not regenerate when monsters are
                  | visible. [an orb of fire]
 61609 | Zot:5    | Killed an orb of fire
 61735 | Zot:5    | Got a polished hand axe
 61767 | Zot:5    | Noticed an ancient lich
 61787 | Zot:5    | Killed an ancient lich
 61913 | Zot:5    | Reached XP level 27. HP: 266/272 MP: 7/22
 62042 | Zot:5    | Noticed an ancient lich
 62056 | Zot:5    | Killed an ancient lich
 62063 | Zot:5    | Reached skill level 27 in Armour
 62070 | Zot:5    | Noticed a juggernaut
 62070 | Zot:5    | a Killer Klown changed into a juggernaut
 62090 | Zot:5    | Killed a juggernaut
 62290 | Zot:5    | Got a transparent whip
 62360 | Zot:5    | Got a crude mace
 62370 | Zot:5    | Noticed an orb of fire
 62378 | Zot:5    | Gained mutation: Scrolls take you longer to read. [an orb
                  | of fire]
 62396 | Zot:5    | Killed an orb of fire
 62461 | Zot:5    | Noticed an orb of fire
 62485 | Zot:5    | Killed an orb of fire
 63547 | Zot:5    | Got the Orb of Zot
 63957 | D:9      | Noticed Hafoeff the pandemonium lord
 64289 | D:$      | Escaped with the Orb!

Levels and vault maps discovered:
D:1:      giann_forest_graveyard, layout_basic, nrook_loot_triangle
D:2:      layout_loops_corners, led_sif_pool
D:3:      layout_rooms, serial_glass, glass_columns_c, glass_columns_b,
          glass_columns_a, glass_columns_a, glass_columns_b, glass_columns_c,
          glass_columns_a, glass_columns_a, glass_columns_c, glass_columns_a,
          portal_sewer_entry_e
D:4:      layout_basic, lemuel_coloured_pillars_altar,
          nicolae_gozag_seed_capital, kennysheep_boxes
D:5:      layout_basic, xom_teletrap_fun, serial_shops, nicolae_shop_trees,
          first_ration, uniq_sigmund
D:6:      layout_loops_corners, kiku_gazebo_pond_becter,
          minmay_temple_entry_steel_oval
D:7:      layout_basic, gammafunk_ghost_wrathful_warriors, grunt_livestock,
          minmay_misc_feat_x
D:8:      layout_basic, grunt_temple_overflow_open,
          nicolae_overflow_crystal_walls, due_lair_maze_entry_diamond,
          serial_shops, shop_fountains, uniq_maurice, uniq_psyche,
          uniq_prince_ribbit1, uniq_pikel
D:9:      lemuel_upstairs_altar, layout_basic, marbit_many_paths
D:10:     layout_roguey, gammafunk_ghost_arena, serial_shops, shop_fountains,
          hangedman_abyss_or_decor_clamps, uniq_harold
D:11:     layout_loops_ring, hangedman_decor_points
D:12:     layout_irregular_city, chequers_arboretum, corexii_leaking_fountain,
          minmay_the_grid_square_5x5_3x3_mashed
          [minmay_the_grid_square_5x5_fancy_junction,
          minmay_the_grid_square_5x5_comb, minmay_the_grid_square_5x5_one_wall,
          minmay_the_grid_square_5x5_two_walls_b,
          minmay_the_grid_square_5x5_megaprize_hollow,
          minmay_the_grid_square_5x5_almost_minimal,
          minmay_the_grid_square_5x5_tie, minmay_the_grid_square_5x5_longway,
          minmay_the_grid_square_5x5_bite]
D:13:     layout_roguey, ximxim_vaults_locker_room,
          nicolae_trove_entry_diagonal, minmay_fractal_squares_diagonal_5
D:14:     layout_long_grid, minmay_crystal_room, basic_altar, hex_large
D:15:     grunt_enter_depths_snipers, layout_loops_ring, serial_shops, shop,
          hangedman_abyss_or_decor_stabs
Lair:1:   layout_cave_pods, disabler_island
Lair:2:   layout_regular_city, minmay_shoals_entry_centaurs, grunt_megastairs_5
Lair:3:   layout_loops_ring, dummy_spider_entry, grunt_megastairs_2
Lair:4:   layout_hall_layers
Lair:5:   layout_concentric_octagons, enter_volcano_1,
          chequers_serial_rivers_micro_c, grunt_megastairs_1,
          infiniplex_staircase_pool
Lair:6:   due_jungle_book, layout_gridlike, dpeg_slime_entry_enclosed_altar,
          infiniplex_staircase_pool_2
Shoals:1: layout_shoals
Shoals:2: layout_shoals, uniq_ilsuiw
Shoals:3: layout_shoals, portal_ice_cave_entry_ice_statue_one
Shoals:4: shoals_end_grunt_ice, layout_shoals, shoal_ilsuiw,
          lemuel_altar_in_water
Spider:1: layout_spider_delve, hangedman_spider_mandibles, uniq_kirke
Spider:2: layout_chambers
Spider:3: layout_spider_delve
Spider:4: spider_rune_water, nicolae_arachne_temple
Orc:1:    layout_diamond_mine
Orc:2:    st_orc_ogre_mass, layout_diamond_mine, basic_altar, uniq_rupert
Elf:1:    minmay_elf_arrival_plus, layout_geoelf_diagonals, special_room
          [special_room_orc], serial_shops, shop_coins, minmay_elf_annihilation,
          laboratory
Elf:2:    layout_gridlike, serial_shops, shop
Elf:3:    grunt_elf_hall_asides, layout_geoelf_diagonals
Vaults:1: grunt_vaults_focal, v_misc_31, nicolae_vaults_little_ls,
          vaults_standard_mumra_lines, hangedman_vaults_stretched_pinwheel,
          vaults_room_hallway, v_misc_9, hangedman_vaults_nodes,
          nicolae_vaults_shelves_hall, nicolae_vaults_little_squares_2,
          grunt_vaults_hallway_short, vaults_room_fours, layout_vaults_ring,
          serial_shops, nicolae_shop_crystal
Vaults:2: nicolae_vaults_specimen_jars, ontoclasm_vaults_twist, v_rooms_5,
          v_misc_13, hangedman_vaults_slice, vaults_dpeg_ring,
          nicolae_vaults_little_squares_4, vaults_mumra_hex,
          layout_vaults_quadrants, serial_shops, nicolae_shop_waterfront,
          serial_glass, uniq_margery
Vaults:3: minmay_crypt_entry_simple_round, v_misc_26, v_misc_19,
          nicolae_vaults_what_the_h, nicolae_vaults_an_arrangement, v_misc_25,
          hangedman_vaults_corner_blocks, layout_vaults_big_room, serial_shops,
          bzr_firewalk
Vaults:4: v_misc_25, hangedman_vaults_nails, v_misc_4,
          ontoclasm_vaults_claustrophobia, grunt_vaults_swirl,
          nicolae_vaults_theta, hangedman_vaults_corner, v_misc_19,
          nicolae_vaults_little_squares_4, vaults_standard_mumra_x,
          layout_vaults_big_cross
Vaults:5
Depths:1: minmay_quarter_circles, layout_basic, serial_shops, kennysheep_mini,
          grunt_hell_horde, nemelex_xobeh_ov_fountains_minmay,
          minmay_misc_feat_five, brannock_guarded_unrand_thermic_engine
Depths:2: mu_elemental_laboratory, layout_basic, enter_ziggurat_d, abyss_entry,
          serial_bayou, serial_bayou_ford_a, serial_bayou_pond_c,
          serial_bayou_crossing, serial_bayou_shore_a, hell_entry,
          rand_demon_pan_entry_3, eino_small_chamber_without_monster,
          minmay_tree_intersection, uniq_aizul
Depths:3: regret_index_uskayaw_diablada_macabre, layout_basic, glass_columns_b,
          grunt_pan_entry_in_and_out, hell_entry, abyss_entry_small_statue_room,
          minivault_16
Depths:4: radiant_caverns_b_rkd, abyss_entry, hell_entry, uniq_mennas
Depths:5: grunt_x_marks_the_spot, layout_basic, hell_entry,
          minmay_misc_feat_doors, minmay_guarded_unrand_wrath_of_trog
Zot:1:    layout_cathedral_of_symmetry, grunt_megastairs_3
Zot:2:    layout_basic
Zot:3:    layout_basic
Zot:4:    layout_misc_corridors, ebering_ghost_inner_flame, lemuel_golem_globe
Zot:5:    layout_basic

Skill      XL: |  1  2  3  4  5  6  7  8  9 10 11 12 13 14 15 16 17 18 19 20 21 22 23 24 25 26 27 |
---------------+----------------------------------------------------------------------------------+-----
Axes           | 4 5 6 7 9 11 12 14 16 17 18 | 18.0
Fighting       | 4 5 6 7 8 9 11 12 13 15 16 18 20 21 22 23 24 25 27 | 27.0
Armour         | 3 4 5 6 8 9 10 11 13 14 15 16 17 18 19 20 22 24 26 27 | 27.0
Dodging        | 3 4 5 6 9 10 12 13 14 16 18 21 23 24 | 24.4
Shields        | 2 4 6 8 9 11 12 14 16 18 19 20 22 23 24 25 | 25.0

Action                   |  1- 3 |  4- 6 |  7- 9 | 10-12 | 13-15 | 16-18 | 19-21 | 22-24 | 25-27 || total
-------------------------+-------+-------+-------+-------+-------+-------+-------+-------+-------++-------
Melee: Hand axe          |    75 |   187 |   182 |    29 |       |       |       |       |       ||   473
       Headbutt          |    12 |    30 |    40 |   116 |   291 |   383 |   455 |   632 |   548 ||  2507
       Broad axe         |       |       |       |   541 |  1128 |  1413 |  1399 |  1791 |  1302 ||  7574
       Unarmed           |       |       |       |       |       |       |       |       |    13 ||    13
Invok: Berserk           |     1 |       |     1 |     7 |     4 |       |       |       |       ||    13
       Trog's Hand       |       |     1 |     4 |     2 |     7 |    15 |    16 |    23 |    16 ||    84
       Brothers in Arms  |       |       |       |     1 |    11 |    16 |     9 |    13 |     5 ||    55
 Abil: Evoke Blink       |       |       |       |       |       |       |       |       |     1 ||     1
Evoke: Wand              |       |       |     1 |     9 |    11 |     4 |       |     4 |     2 ||    31
  Use: Scroll            |       |    12 |       |    12 |    20 |     8 |    20 |     9 |    14 ||    95
       Potion            |       |       |     1 |       |     4 |     2 |     4 |     2 |    14 ||    27
 Stab: Sleeping          |     1 |       |       |       |       |       |       |       |       ||     1
       Paralysed         |       |       |       |     4 |     2 |       |       |       |       ||     6
       Distracted        |       |       |       |       |     1 |     1 |     3 |     1 |       ||     6
       Held in net/web   |       |       |       |       |       |     1 |       |       |       ||     1
       Confused          |       |       |       |       |       |       |       |       |     2 ||     2
  Eat: Chunk             |     1 |    13 |     8 |    25 |    34 |    32 |    24 |    20 |    11 ||   168
       Ration            |       |       |       |     1 |     4 |     4 |     5 |     9 |     9 ||    32
Armor: Animal skin       |    15 |    29 |       |       |       |       |       |       |       ||    44
       Ring mail         |       |    28 |    14 |       |       |       |       |       |       ||    42
       Chain mail        |       |       |    58 |   126 |       |       |       |       |       ||   184
       Plate armour      |       |       |       |   109 |   336 |   684 |   216 |       |       ||  1345
       Crystal plate arm |       |       |       |       |       |       |    28 |   361 |       ||   389
       Gold dragon scale |       |       |       |       |       |       |       |   171 |   330 ||   501
       Skin              |       |       |       |       |       |       |       |       |     2 ||     2
Dodge: Dodged            |    45 |   111 |    35 |   111 |   174 |   371 |   215 |   426 |   461 ||  1949
Block: Large shield      |       |    14 |   127 |   448 |   869 |  1695 |  1155 |  1741 |  1336 ||  7385
       Reflection        |       |       |       |       |       |    70 |   147 |   100 |    20 ||   337

Table legend:
 A = Non-vault XP
 B = Vault XP
 C = Vault XP percentage of total XP
 D = Non-vault monster count
 E = Vault monster count
 F = Vault count percentage of total count
                 A         B        C        D         E       F
            +---------+---------+-------+---------+---------+-------
      Total |  846069 |  728564 |  46.3 |    1667 |     790 |  32.2
            +---------+---------+-------+---------+---------+-------
        D:1 |      48 |       0 |   0.0 |      26 |       0 |   0.0
        D:2 |      80 |       0 |   0.0 |      21 |       0 |   0.0
        D:3 |      43 |      36 |  45.6 |      11 |       8 |  42.1
        D:4 |     282 |       0 |   0.0 |      13 |       0 |   0.0
        D:5 |     204 |     238 |  53.8 |      11 |       1 |   8.3
        D:6 |     759 |       0 |   0.0 |      24 |       0 |   0.0
        D:7 |     278 |     992 |  78.1 |       5 |       5 |  50.0
        D:8 |    2624 |    2848 |  52.0 |      38 |      13 |  25.5
        D:9 |    3661 |       0 |   0.0 |      44 |       0 |   0.0
       D:10 |    5171 |     955 |  15.6 |      34 |       1 |   2.9
       D:11 |    5113 |       0 |   0.0 |      39 |       0 |   0.0
       D:12 |    8462 |     642 |   7.1 |      38 |       5 |  11.6
       D:13 |    5606 |    6974 |  55.4 |      29 |      18 |  38.3
       D:14 |    3430 |       0 |   0.0 |      25 |       0 |   0.0
       D:15 |   18233 |    2301 |  11.2 |      44 |       3 |   6.4
     Lair:1 |     565 |       0 |   0.0 |       5 |       0 |   0.0
     Lair:2 |    2855 |     475 |  14.3 |      16 |       4 |  20.0
     Lair:3 |    5413 |       0 |   0.0 |      28 |       0 |   0.0
     Lair:4 |    9229 |       0 |   0.0 |      39 |       0 |   0.0
     Lair:5 |    9304 |     989 |   9.6 |      31 |       1 |   3.1
     Lair:6 |   18555 |    2745 |  12.9 |      38 |       5 |  11.6
   Shoals:1 |   18276 |       0 |   0.0 |      38 |       0 |   0.0
   Shoals:2 |   11707 |    2877 |  19.7 |      25 |       5 |  16.7
   Shoals:3 |   15284 |       0 |   0.0 |      32 |       0 |   0.0
   Shoals:4 |   23385 |   21585 |  48.0 |      50 |      32 |  39.0
   Spider:1 |   14063 |    3411 |  19.5 |      34 |       8 |  19.0
   Spider:2 |   12242 |       0 |   0.0 |      30 |       0 |   0.0
   Spider:3 |   15103 |       0 |   0.0 |      45 |       0 |   0.0
   Spider:4 |   12381 |   37022 |  74.9 |      35 |      80 |  69.6
      Orc:1 |    4960 |       0 |   0.0 |      68 |       0 |   0.0
      Orc:2 |    2855 |   19218 |  87.1 |      35 |      46 |  56.8
      Elf:1 |   19493 |   15850 |  44.8 |      30 |      42 |  58.3
      Elf:2 |   23243 |   30406 |  56.7 |      36 |      33 |  47.8
      Elf:3 |   33714 |   29957 |  47.0 |      53 |      24 |  31.2
   Vaults:1 |   23966 |   21291 |  47.0 |      52 |      36 |  40.9
   Vaults:2 |   26760 |   27534 |  50.7 |      37 |      31 |  45.6
   Vaults:3 |   18889 |   26290 |  58.2 |      33 |      28 |  45.9
   Vaults:4 |   33517 |   26518 |  44.2 |      54 |      36 |  40.0
   Vaults:5 |   41991 |  105335 |  71.5 |      67 |      70 |  51.1
   Depths:1 |   42177 |   31338 |  42.6 |      57 |      34 |  37.4
   Depths:2 |   38913 |    5013 |  11.4 |      56 |       7 |  11.1
   Depths:3 |   57365 |   29777 |  34.2 |      71 |      13 |  15.5
   Depths:4 |    6466 |   68018 |  91.3 |       5 |      89 |  94.7
   Depths:5 |   26220 |   29423 |  52.9 |      29 |      19 |  39.6
      Zot:1 |   44224 |    6876 |  13.5 |      28 |       5 |  15.2
      Zot:2 |   47556 |       0 |   0.0 |      29 |       0 |   0.0
      Zot:3 |   72207 |       0 |   0.0 |      44 |       0 |   0.0
      Zot:4 |   14122 |   10273 |  42.1 |       6 |       3 |  33.3
      Zot:5 |   41217 |  154773 |  79.0 |      22 |      39 |  63.9
    Abyss:3 |    3858 |       0 |   0.0 |       7 |       0 |   0.0
      Sewer |       0 |      66 | 100.0 |       0 |      19 | 100.0
    Volcano |       0 |    6518 | 100.0 |       0 |      27 | 100.0
            +---------+---------+-------+---------+---------+-------
